 Dungeon Sprint DCSS version 0.19-a0-1827-g174f941 (webtiles) character file.

1497 poirepourri the Cleaver (level 8, 0/135 HPs)
             Began as a Deep Dwarf Fighter on Oct 7, 2016.
             Was a Believer of Makhleb.
             Slain by a demonic crawler (5 damage)
             ... in the Dungeon (Sprint I: "Red Sonja").
             The game lasted 00:01:56 (286 turns).

poirepourri the Cleaver (Deep Dwarf Fighter)         Turns: 286, Time: 00:01:57

Health: 0/135      AC:  6    Str: 26    XL:     8   Next: 51%
Magic:  9/9        EV: 10    Int: 10    God:    Makhleb [**....]
Gold:   311        SH: 10    Dex: 12    Spells: 0 memorised, 7 levels left

rFire  . . .     SeeInvis .     a - +0 war axe
rCold  . . .     Gourm    +     b - +0 scale mail
rNeg   . . .     Faith    .     c - +0 shield
rPois  .         Spirit   .     (no helmet)
rElec  .         Dismiss  .     (no cloak)
rCorr  .         Reflect  .     (no gloves)
MR     +....     Harm     .     (no boots)
Stlth  .......... NoTele   +    n - amulet of the gourmand
                                (no ring)
                                (no ring)

@: berserking (expiring), very slightly contaminated, non-regenerating, very
quick
A: damage resistance, recharge devices, sense surroundings 1, slow regeneration
3
a: Device Recharging, Minor Destruction, Renounce Religion


You were in the Dungeon.
You worshipped Makhleb.
Makhleb was pleased with you.
You were not hungry.

You visited 1 branch You collected 405 gold pieces.
You spent 94 gold pieces at shops.

Inventory:

Hand Weapons
 a - a +0 war axe (weapon)
 o - a +4 hand crossbow of flaming
Armour
 b - a +0 scale mail (worn)
 c - a +0 shield (worn)
Jewellery
 n - an amulet of the gourmand (around neck)
Wands
 e - a wand of heal wounds (2/9)
Potions
 d - a potion of might
 g - a potion of curing
 i - a potion of haste
 j - 2 potions of magic
Comestibles
 f - a bread ration


   Skills:
 + Level 11.3 Fighting
 + Level 14.0 Axes
 - Level 3.2 Armour
 + Level 5.3 Dodging
 - Level 3.2 Shields
 + Level 5.5 Evocations


You had 7 spell levels left.
You didn't know any spells.

Dungeon Overview and Level Annotations

Branches:
Dungeon (1/1)

Altars:
Cheibriados
Dithmenos
Elyvilon
Fedhas
Gozag
Hepliaklqana
Kikubaaqudgha
Makhleb
Nemelex Xobeh
Okawaru
Qazlal
Ru
Sif Muna
Trog
Uskayaw
Vehumet
Xom
Yredelemnul
Zin
The Shining One
Jiyva
Lugonu

Shops:
D (


Innate Abilities, Weirdness & Mutations

You are resistant to damage.
You can recharge devices by infusing magical energy.
You passively map a small area around you.
You do not regenerate.


Message History

* * * LOW HITPOINT WARNING * * *
Your shield and scale mail prevent you from hitting the demonic crawler.
The demonic crawler is heavily wounded.
Your shield and scale mail prevent you from hitting the demonic crawler.
The demonic crawler barely misses you. The demonic crawler hits you.
* * * LOW HITPOINT WARNING * * *
You block the demonic crawler's attack. x2; The demonic crawler hits you. x2
* * * LOW HITPOINT WARNING * * *
You slash the demonic crawler!
The demonic crawler is heavily wounded.
You slash the demonic crawler! The demonic crawler hits you.
* * * LOW HITPOINT WARNING * * *
You block the demonic crawler's attack. The demonic crawler closely misses you.
You block the demonic crawler's attack. The demonic crawler barely misses you.
The demonic crawler hits you but does no damage.
Unknown command.
You slash the demonic crawler!
The demonic crawler is severely wounded.
You hit the demonic crawler. The demonic crawler hits you.
You die...

########################## *
#<.#..').#..'..#__#..')..#,
#..'[.#..').#.sss.'..#)..##+#,
#..#####'#####@#__####..s'..#
#..####..#...#[#### ,#####..+
#..#__####..##.# ,* ## *
#..#_____##'#..+≈ + , ,
#⌠⌠#_.∩...'..._# , , , ,,
####_..__##_.#'# ** ,
#_____###+#.# , , * #######
### * , , * ∩ , ,


You could see 3 demonic crawlers.

Vanquished Creatures
  2 kobold demonologists (D)
  A demonic crawler (D)
  A slime creature (D)
  Sigmund (D)
  A yak (D)
  A floating eye (D)
  An ogre (D)
  A jelly (D)
  Ijyb (D)
10 creatures vanquished.

Notes
Turn   | Place    | Note
-------+----------+-------------------------------------------
     0 | D        | poirepourri the Deep Dwarf Fighter began the quest for the Orb.
     0 | D        | Reached XP level 1. HP: 20/20 MP: 1/1
     2 | D        | Noticed Ijyb
    30 | D        | Killed Ijyb
    30 | D        | Reached skill level 5 in Fighting
    30 | D        | Reached skill level 3 in Axes
    30 | D        | Reached skill level 1 in Dodging
    30 | D        | Reached XP level 2. HP: 22/32 MP: 2/2
    35 | D        | Noticed an ogre
    42 | D        | Killed an ogre
    42 | D        | Reached skill level 6 in Axes
    42 | D        | Reached XP level 3. HP: 22/43 MP: 3/3
    42 | D        | Reached XP level 4. HP: 26/51 MP: 4/4
    54 | D        | Noticed Sigmund
    68 | D        | Killed Sigmund
    68 | D        | Reached skill level 8 in Axes
    68 | D        | Reached skill level 1 in Evocations
    68 | D        | Reached XP level 5. HP: 41/62 MP: 4/6
    68 | D        | Reached XP level 6. HP: 46/69 MP: 4/7
    84 | D        | Found a burning altar of Makhleb.
    84 | D        | Found a viscous altar of Jiyva.
    84 | D        | Found a shimmering altar of Xom.
    84 | D        | Found a corrupted altar of Lugonu.
    84 | D        | Noticed a slime creature
   108 | D        | Killed a slime creature
   108 | D        | Reached skill level 10 in Axes
   111 | D        | Became a worshipper of Makhleb the Destroyer
   138 | D        | Found a deep blue altar of Sif Muna.
   140 | D        | Found a radiant altar of Vehumet.
   145 | D        | Reached skill level 10 in Fighting
   176 | D        | Found Nuaq's Antique Weapon Emporium.
   176 | D        | Found an ancient bone altar of Kikubaaqudgha.
   176 | D        | Found a hazy altar of Hepliaklqana.
   176 | D        | Found a stormy altar of Qazlal.
   176 | D        | Found a hide-covered altar of Uskayaw.
   176 | D        | Found a blossoming altar of Fedhas.
   176 | D        | Found a bloodstained altar of Trog.
   176 | D        | Found an iron altar of Okawaru.
   176 | D        | Found a basalt altar of Yredelemnul.
   176 | D        | Found a glowing golden altar of the Shining One.
   176 | D        | Found a snail-covered altar of Cheibriados.
   176 | D        | Found a sacrificial altar of Ru.
   176 | D        | Found a glowing silver altar of Zin.
   176 | D        | Found a shadowy altar of Dithmenos.
   176 | D        | Found a white marble altar of Elyvilon.
   176 | D        | Noticed a yak
   183 | D        | Killed a yak
   183 | D        | Reached skill level 11 in Axes
   183 | D        | Reached XP level 7. HP: 47/79 MP: 6/8
   184 | D        | Found an opulent altar of Gozag.
   185 | D        | Found a sparkling altar of Nemelex Xobeh.
   191 | D        | Bought a runed hand crossbow for 94 gold pieces
   214 | D        | Noticed a kobold demonologist
   215 | D        | Noticed a kobold demonologist
   217 | D        | Reached * piety under Makhleb
   229 | D        | Noticed a red devil
   233 | D        | Killed a kobold demonologist
   233 | D        | Reached skill level 12 in Axes
   233 | D        | Reached XP level 8. HP: 75/88 MP: 9/9
   238 | D        | Killed a kobold demonologist
   238 | D        | Reached skill level 13 in Axes
   238 | D        | Reached skill level 5 in Dodging
   238 | D        | Reached skill level 5 in Evocations
   245 | D        | Noticed a demonic crawler
   245 | D        | Noticed a demonic crawler
   245 | D        | Noticed a demonic crawler
   245 | D        | Noticed a demonic crawler
   265 | D        | Killed a demonic crawler
   265 | D        | Reached ** piety under Makhleb
   265 | D        | Reached skill level 14 in Axes
   273 | D        | HP: 1/90 [demonic crawler (4)]
   285 | D        | HP: 5/135 [demonic crawler (4)]
   286 | D        | Slain by a demonic crawler

Vault maps used:
D:        dungeon_sprint_1

Skill      XL: |  1  2  3  4  5  6  7  8 |
---------------+-------------------------+-----
Fighting       | 5 7 9 10 11 | 11.3
Axes           | 3 6 8 11 12 14 | 14.0
Dodging        | 1 2 4 5 |  5.3
Evocations     | 1 4 5 |  5.5
Armour         | |  3.2
Shields        | |  3.2

Action                   |  1- 3 |  4- 6 |  7- 9 || total
-------------------------+-------+-------+-------++-------
Melee: War axe           |    33 |    42 |    50 ||   125
 Abil: Device Recharging |       |     2 |     1 ||     3
Evoke: Wand              |     1 |     7 |     6 ||    14
  Use: Scroll            |       |       |     2 ||     2
       Potion            |       |       |     2 ||     2
Armor: Scale mail        |    11 |     3 |    31 ||    45
Dodge: Dodged            |    11 |    17 |    47 ||    75
Block: Shield            |    15 |     9 |    56 ||    80
